 Dungeon Crawl Stone Soup version 0.29-a0-2-g12fcac58f8 (webtiles) character file.

Game seed: 3173165686107263584

15 Mgcat the Skirmisher (level 2, 0/27 HPs)
             Began as a Hill Orc Fighter on Jan 26, 2022.
             Slain by a ball python (3 damage)
             ... on level 1 of the Dungeon.
             The game lasted 00:04:59 (406 turns).

Mgcat the Skirmisher (Hill Orc Fighter)              Turns: 406, Time: 00:04:59

Health: 0/27       AC:  6    Str: 18    XL:     2   Next: 50%
Magic:  2/2        EV:  6    Int:  8    God:
Gold:   14         SH:  4    Dex: 10    Spells: 1/1 levels left

rFire   . . .      SeeInvis .   a - +0 war axe
rCold   . . .      Faith    .   c - +0 buckler
rNeg    . . .      Spirit   .   b - +0 scale mail
rPois   .          Reflect  .   (no helmet)
rElec   .          Harm     .   (no cloak)
rCorr   .          Rampage  .   (no gloves)
Will    .....                   (no boots)
Stlth   ..........              (no amulet)
HPRegen 0.09/turn               (no ring)
MPRegen 0.08/turn               (no ring)

@: constricted
A: no striking features
a: no special abilities


You were on level 1 of the Dungeon.
You visited 1 branch of the dungeon, and saw 1 of its levels.

You collected 14 gold pieces.

Inventory:

Hand Weapons
 a - a +0 war axe (weapon)
Armour
 b - a +0 scale mail (worn)
 c - a +0 buckler (worn)
Scrolls
 e - 2 scrolls of identify {unknown}
Potions
 d - a potion of might


   Skills:
 + Level 3.9 Fighting
 * Level 3.4 Axes
 + Level 3.5 Armour
 - Level 3.2 Shields


You had one spell level left.
You didn't know any spells.
Your spell library was empty.

Dungeon Overview and Level Annotations

Branches:
Dungeon (1/15)

Altars:


Message History

You take 2 damage, and have 18/20 hp.
You escape the ball python's grasp.
Spoiler Alert: The ball python can constrict!
The ball python bites you but does no damage.
The ball python barely misses you.
The ball python bites you but does no damage.
The ball python grabs you. The ball python constricts you.
You take 1 damage, and have 17/20 hp.
You escape the ball python's grasp.
Spoiler Alert: The ball python can constrict!
The ball python bites you. The ball python grabs you.
The ball python constricts you.
You take 2 damage, and have 15/20 hp.
The ball python's grasp on you weakens, but your attempt to escape fails.
You block the ball python's attack. The ball python constricts you.
You escape the ball python's grasp.
Spoiler Alert: The ball python can constrict!
Press: ? - help, v - describe, . - travel
Here: a ball python The floor.
Cleave: a) +0 war axe
Press: ? - help, Dir - move target, f - endoplasm
Aim: an endoplasm (about 16% to evade your +0 war axe)
Your weapon can't reach that far!
Okay, then.
Spoiler Alert: The ball python can constrict!
Unknown command.
Unknown command.
Unknown command.
Unknown command.
Options error: Bad object type '%}\|' for autopickup. (~/.crawlrc:1972) Welcome back, Mgcat the Hill Orc Fighter.
Press ? for a list of commands and other information.
Spoiler Alert: The ball python can constrict!
You are too injured to fight recklessly!
You are too injured to fight recklessly!
You are too injured to fight recklessly!
You are too injured to fight recklessly!
You slash the ball python!
You kill the ball python!
The endoplasm hits you.
Your Axes skill increases to level 3!
You take 1 damage, and have 14/20 hp.
You barely miss the endoplasm.
The endoplasm hits you but does no damage.
You slash the endoplasm!
You kill the endoplasm!
HP restored.
You open the door. You open the door.
You now have 14 gold pieces (gained 7).
Found an escape hatch in the floor.
Health restored: 20 A gnoll comes into view.
It is wielding a +0 flail.
The gnoll shouts!
Spoiler Alert: The gnoll can hit for moderate damage in melee, and throws nets!
Found a stone staircase leading down.
A ball python comes into view.
The gnoll hits you with a +0 flail!
You take 8 damage, and have 12/20 hp.
MASSIVE DAMAGE!!
Warning x2: The gnoll can hit for moderate damage in melee, and throws nets!
The ball python (wandering) can constrict!
You are too injured to fight recklessly!
Warning x2: The gnoll can hit for moderate damage in melee, and throws nets!
The ball python (wandering) can constrict!
You are too injured to fight recklessly!
Warning x2: The gnoll can hit for moderate damage in melee, and throws nets!
The ball python (wandering) can constrict!
You are too injured to fight recklessly!
Warning x2: The gnoll can hit for moderate damage in melee, and throws nets!
The ball python (wandering) can constrict!
You are too injured to fight recklessly!
Warning x2: The gnoll can hit for moderate damage in melee, and throws nets!
The ball python (wandering) can constrict!
The ball python hisses angrily.
You slash the gnoll!
The gnoll is severely wounded.
A hobgoblin comes into view.
The gnoll hits you with a +0 flail.
You take 3 damage, and have 9/20 hp.
Warning x2: The gnoll can hit for moderate damage in melee, and throws nets!
The ball python can constrict!
The hobgoblin shouts!
You hit the gnoll.
The gnoll is almost dead.
You block the gnoll's attack.
Warning x2: The gnoll can hit for moderate damage in melee, and throws nets!
The ball python can constrict!
You closely miss the gnoll.
The gnoll is almost dead.
The gnoll hits you with a +0 flail.
* * * LOW HITPOINT WARNING * * *
The gnoll hits you with a +0 flail.
* * * LOW HITPOINT WARNING * * *
You take 7 damage, and have 2/20 hp.
MASSIVE DAMAGE!!
Warning x2: The gnoll can hit for moderate damage in melee, and throws nets!
The ball python can constrict!
You hit the gnoll.
You kill the gnoll!
The ball python closely misses you. The ball python grabs you.
The ball python constricts you.
You have reached level 2!
MP restored: 2 Spoiler Alert: The ball python can constrict!
Unknown command.
You closely miss the hobgoblin. You closely miss the ball python.
The ball python bites you.
You die...

....... .....>
....... .......
.......#....#..
..............
#..........
#........##..
##.#....S.......
.......g@..# ... #..
...####...## ... #.#
.......#..# ... #.#
.>........# # #.#.#.#
##.....###.# #.#.#.#
#.##......# #.#...#
... #......#
#.###.########..###.#
#.................# #


You could see a hobgoblin and a ball python.

Vanquished Creatures
  A gnoll (D:1)
  2 ball pythons (D:1)
  An endoplasm (D:1)
  A kobold (D:1)
5 creatures vanquished.

Notes
Turn   | Place    | Note
-------+----------+-------------------------------------------
     0 | D:1      | Mgcat the Hill Orc Fighter began the quest for the Orb.
     0 | D:1      | Reached XP level 1. HP: 19/19 MP: 1/1
   219 | D:1      | Reached skill level 3 in Axes
   404 | D:1      | HP: 2/20 [gnoll (4)]
   406 | D:1      | Reached XP level 2. HP: 3/27 MP: 2/2
   406 | D:1      | Slain by a ball python

Illustrated notes

Levels and vault maps discovered:
D:1:      onia_arrival_pentagram, layout_basic, bh_walls_and_bars

Skill      XL: |  1 |
---------------+----+-----
Axes           | 3 |  3.4
Fighting       | |  3.9
Armour         | |  3.5
Shields        | |  3.2

Action                   || total
-------------------------++-------
Melee: War axe           ||    13
Armor: Scale mail        ||    15
Dodge: Dodged            ||    16
Block: Buckler           ||     8

Table legend: (Time is in decaauts)
 A = Elapsed time spent in this place.
 B = Non-inter-level travel time spent in this place.
 C = Inter-level travel time spent in this place.
 D = Time resting spent in this place.
 E = Time spent auto-exploring this place.
 F = Levels seen in this place.
 G = Mean time per level.
                   A        B        C        D        E       F      G
               +--------+--------+--------+--------+--------+-----+--------+
         Total |    410 |    410 |      0 |      0 |    175 |   1 |  410.0 |
       Dungeon |    410 |    410 |      0 |      0 |    175 |   1 |  410.0 |
               +--------+--------+--------+--------+--------+-----+--------+

Top non-repeatable levels by time:
     D:1: 410 daAuts

Table legend:
 A = Kills in this place as a percentage of kills in entire the game.
 B = Kills by you in this place as a percentage of kills by you in the entire game.
 C = Kills by friends in this place as a percentage of kills by friends in the entire game.
 D = Other kills in this place as a percentage of other kills in the entire game.
 E = Experience gained in this place as a percentage of experience gained in the entire game.
 F = Experience gained in this place divided by the number of levels of this place that you have seen.
                   A       B       C       D       E      F
               +-------+-------+-------+-------+-------+----------------------
         Total | 100.0 | 100.0 |   N/A |   N/A | 100.0 |  22.0
       Dungeon | 100.0 | 100.0 |   N/A |   N/A | 100.0 |  22.0
               +-------+-------+-------+-------+-------+----------------------
